 Dungeon Crawl Stone Soup version 0.29.1-13-g9f3cf754e1 (webtiles) character file.

Game seed: 16119623676978944614

510 shadowmeld the Insei (level 7, -1/49 HPs)
             Began as a Djinni Transmuter on Feb 1, 2023.
             Was an Initiate of the Shining One.
             Slain by sigtrap's ghost (6 damage)
             ... on level 3 of the Dungeon.
             The game lasted 00:14:09 (3938 turns).

shadowmeld the Insei (Djinni Transmuter)            Turns: 3938, Time: 00:14:10

Health: -1/49      AC:  2    Str:  9    XL:     7   Next: 42%
Gold:   99         EV: 21    Int: 17    God:    the Shining One [......] SH:  0 Dex: 18

rFire   . . .      SeeInvis .     - Unarmed
rCold   . . .      Faith    .   (shield currently unavailable)
rNeg    . . .      Spirit   .   (body armour currently unavailable)
rPois   ∞          Reflect  .   (helmet currently unavailable)
rElec   .          Harm     .   (cloak currently unavailable)
rCorr   .          Rampage  .   (gloves currently unavailable)
Will    .....                   (boots unavailable)
Stlth   +.........              (no amulet)
HPRegen 0.16/turn               (no ring)
MPRegen 0.00/turn               (no ring)

@: spider-form (expiring), flying, glowing
A: venomous fangs, flying, sickness immunity, tiny, (fire resistance 2), (cold
vulnerability 1), float, innate caster, HP casting, extra vitality 1
a: End Transformation, Renounce Religion


You were on level 3 of the Dungeon.
You worshipped the Shining One.
The Shining One was noncommittal.
You were a venomous arachnid creature.
You visited 1 branch of the dungeon, and saw 3 of its levels.

You collected 216 gold pieces.
You spent 117 gold pieces at shops.

Inventory:

Hand Weapons
 m - a +2 spectral club
 q - the +8 sling of Hell's Wrath (melded) {venom, Int+2}
   (You bought it in a shop on level 2 of the Dungeon)

   Any ammunition fired from it poisons the flesh of those it strikes.
   Int:       It affects your intelligence (+2).
Missiles
 c - 7 poisoned darts
 p - 3 silver boomerangs
 r - 43 stones
Armour
 a - a +0 robe (melded)
 s - a +0 cloak (melded)
Jewellery
 n - a ring of willpower
Wands
 b - a wand of flame (17)
Scrolls
 e - 4 scrolls of identify {unknown}
 g - a scroll of vulnerability {unknown}
 h - a scroll of noise {unknown}
 o - a scroll of teleportation {unknown}
Potions
 d - a potion of curing {unknown}
 f - a potion of cancellation
 i - a potion of resistance {unknown}
 j - 2 potions of ambrosia {unknown}
 k - a potion of heal wounds {unknown}
 l - a potion of attraction {unknown}
 t - a potion of flight {unknown}
 u - a potion of brilliance {unknown}
 v - 2 potions of might {unknown}


   Skills:
 * Level 2.6 Fighting
 * Level 4.0 Dodging
 + Level 4.4 Unarmed Combat
 * Level 4.1 Spellcasting


You couldn't memorise any spells.
You knew the following spells:

 Your Spells              Type           Power      Damage    Failure   Level
a - Beastly Appendage     Tmut           34%        N/A       10%         1
b - Wereblood             Tmut           17%        N/A       13%         2
c - Spider Form           Tmut/Pois      17%        N/A       22%         3
d - Ice Form              Ice/Tmut       17%        N/A       50%         4
e - Foxfire               Conj/Fire      68%        2x1d7     10%         1
f - Poisonous Vapours     Pois/Air       34%        N/A       13%         2
g - Swiftness             Air            17%        N/A       22%         3
Your spell library was empty.

Dungeon Overview and Level Annotations

Branches:
Dungeon (3/15)

Altars:
The Shining One

Shops:
D:2 (

Annotations:
D:3 sigtrap's ghost, amateur GrFi


Innate Abilities, Weirdness & Mutations

You are a venomous arachnid creature.
You have poisonous fangs.
You are tiny and dextrous.
You are flying.
Your spellcasting is less reliable in this form.
Your armour is entirely melded.
You are incapable of wielding weapons or throwing items.
You are immune to sickness and miasma.
You are immune to poison.
((Your flesh is very heat resistant. (rF++)))
((You are vulnerable to cold. (rC-)))
You float through the air rather than walking.
You learn spells naturally, not from books.
Your magical power is your life essence.
You have superior vitality. (+4 MHP)


Message History

Sigtrap's ghost is lightly damaged.
Your transformation has ended.
The +8 sling of Hell's Wrath {venom, Int+2} unmelds from your body.
Your +0 cloak unmelds from your body.
Your +0 robe unmelds from your body.
The +8 sling of Hell's Wrath {venom, Int+2} begins to drip with poison!
Sigtrap's ghost hits you.
It was a potion of cancellation.
You feel magically purged. Sigtrap's ghost misses you.
Casting: Foxfire (safe; 2% risk of failure)
Confirm with . or Enter, or press ? or * to list all spells.
You turn into a venomous arachnid creature.
The +8 sling of Hell's Wrath {venom, Int+2} melds into your body.
Your +0 cloak melds into your body.
Your +0 robe melds into your body.
The +8 sling of Hell's Wrath {venom, Int+2} stops dripping with poison.
Sigtrap's ghost hits you.
* * * LOW HITPOINT WARNING * * *
You hit sigtrap's ghost.
Sigtrap's ghost is moderately damaged.
Sigtrap's ghost misses you.
You hit sigtrap's ghost but do no damage.
Sigtrap's ghost is moderately damaged.
Sigtrap's ghost hits you!
* * * LOW HITPOINT WARNING * * *
You hit sigtrap's ghost but do no damage.
Sigtrap's ghost is moderately damaged.
Sigtrap's ghost closely misses you.
Okay, then.
Bite: -) Fangs (venom)
Press: ? - help, Dir - move target, f - sigtrap's ghost
Aim: sigtrap's ghost (moderately damaged, about 3% to evade your front legs)
You hit sigtrap's ghost.
Sigtrap's ghost is moderately damaged.
You hit sigtrap's ghost but do no damage.
Sigtrap's ghost is moderately damaged.
Sigtrap's ghost completely misses you.
You hit sigtrap's ghost but do no damage.
Sigtrap's ghost is moderately damaged.
Your transformation is almost over.
Sigtrap's ghost hits you.
You die...

...#...#...#
###'#...#...#
#...)...#...#
####.......##.##
#.......#+##..#
#.#####...#..##
. ##.....#
#.>##.##
#######s.#
~~~~~~#W.#
~[~~~~†..#
~~~~~~#.##
#########


You could see sigtrap's ghost.

Vanquished Creatures
  Grinder (D:3)
  Sigmund (D:2)
  Jessica (D:2)
  8 adders
  3 worms (D:2)
  2 dart slugs (D:3)
  An orc (D:3)
  A ball python (D:3)
  8 bats
  An endoplasm (D:3)
  2 giant cockroaches
  A goblin (D:1)
  3 hobgoblins
  8 jackals (D:2)
  5 quokkas
  A frilled lizard (D:2)
  6 kobolds
  6 rats
59 creatures vanquished.

Vanquished Creatures (others)
  145 foxfires
  A fungus (D:2)
146 creatures vanquished.

Grand Total: 205 creatures vanquished

Notes
Turn   | Place    | Note
-------+----------+-------------------------------------------
     0 | D:1      | shadowmeld the Djinni Transmuter began the quest for the
                  | Orb.
     0 | D:1      | shadowmeld set off with the following spells memorised:
                  | Beastly Appendage, Wereblood, Spider Form, Ice Form.
     0 | D:1      | Reached XP level 1. HP: 17/17 MP: 0/0
   429 | D:1      | Reached XP level 2. HP: 9/22 MP: 0/0
  1263 | D:2      | Reached XP level 3. HP: 24/27 MP: 0/0
  1263 | D:2      | Learned a level 1 spell: Foxfire
  1422 | D:2      | Found Lafaag's Antique Weapon Boutique.
  1588 | D:2      | Noticed Jessica
  1592 | D:2      | Killed Jessica
  1593 | D:2      | Reached XP level 4. HP: 28/32 MP: 0/0
  1645 | D:2      | Noticed Sigmund
  1665 | D:2      | Killed Sigmund
  1666 | D:2      | Reached XP level 5. HP: 7/38 MP: 0/0
  1666 | D:2      | Learned a level 2 spell: Poisonous Vapours
  1666 | D:2      | Reached XP level 6. HP: 7/43 MP: 0/0
  2129 | D:2      | Found a faded altar of an unknown god.
  2752 | D:2      | Found a glowing golden altar of the Shining One.
  2763 | D:2      | Became a worshipper of the Shining One
  2894 | D:2      | Bought a buzzing sling for 117 gold pieces
  2894 | D:2      | Identified the +8 sling of Hell's Wrath {venom, Int+2} (You
                  | bought it in a shop on level 2 of the Dungeon)
  3459 | D:3      | Noticed Grinder
  3472 | D:3      | Paralysed by Grinder for 2 turns
  3474 | D:3      | Killed Grinder
  3475 | D:3      | Reached XP level 7. HP: 9/49 MP: 0/0
  3475 | D:3      | Learned a level 3 spell: Swiftness
  3912 | D:3      | Found a runed translucent door.
  3914 | D:3      | Noticed sigtrap's ghost (amateur GrFi)
  3938 | D:3      | Slain by sigtrap's ghost

Illustrated notes

Levels and vault maps discovered:
D:1:      minmay_arrival_five_plusses, layout_rooms, serial_forest,
          infiniplex_forest_clump_double, infiniplex_forest_corner_1,
          infiniplex_forest_straight_3, infiniplex_forest_clump_double,
          infiniplex_forest_corner_1, infiniplex_forest_clump_tiny,
          infiniplex_forest_lined_2, infiniplex_forest_clump_diagonal,
          infiniplex_forest_zigzag_1, serial_park_tiny_2
D:2:      layout_loops_ring, shapermc_ecumenical_altar_acropolis, basic_altar,
          serial_shops, nicolae_lakefront_shop, corexii_item_surrounded_by_moat,
          minmay_tromino_i2, uniq_sigmund, uniq_jessica
D:3:      layout_basic, ebering_ghost_sewer_f, chequers_serial_rivers_marsh,
          uniq_grinder

Skill      XL: |  1  2  3  4  5  6 |
---------------+-------------------+-----
Spellcasting   | 2 3 4 |  4.1
Dodging        | 3 4 |  4.0
Fighting       | 2 |  2.6
Unarmed Combat | 4 |  4.4

Action                   |  1- 3 |  4- 6 |  7- 9 || total
-------------------------+-------+-------+-------++-------
Melee: Unarmed           |    47 |    45 |    10 ||   102
       Headbutt          |     6 |     5 |       ||    11
       Punch             |     2 |     2 |       ||     4
 Cast: Beastly Appendage |     9 |     2 |       ||    11
       Foxfire           |    21 |    59 |    20 ||   100
       Poisonous Vapours |       |    12 |       ||    12
       Spider Form       |       |     1 |     3 ||     4
  Use: Potion            |       |     1 |     1 ||     2
Armor: Robe              |    12 |     5 |     2 ||    19
       Skin              |       |     2 |       ||     2
Dodge: Dodged            |    44 |    35 |     9 ||    88
